 Dungeon Crawl Stone Soup version 0.29-a0-813-g4a14ea37d6 (webtiles) character file.

Game seed: 5252033796407144485

436 gobodom the Insei (level 7, -7/43 HPs)
             Began as an Octopode Transmuter on July 4, 2022.
             Was an Initiate of Uskayaw.
             Mangled by a wraith (11 damage)
             ... in an ossuary.
             The game lasted 00:14:16 (3888 turns).

gobodom the Insei (Octopode Transmuter)             Turns: 3888, Time: 00:14:17

Health: -7/43      AC:  1    Str: 11    XL:     7   Next: 1%
Magic:  6/12       EV: 13    Int: 16    God:    Uskayaw [......]
Gold:   146        SH:  0    Dex: 12    Spells: 10/13 levels left

rFire   . . .      SeeInvis +     - Unarmed
rCold   . . .      Faith    .   (no shield)
rNeg    . . .      Spirit   .   (helmet currently unavailable)
rPois   +          Reflect  .   (no amulet)
rElec   .          Harm     .   d - ring of resist corrosion
rCorr   +          Rampage  .   x - ring of see invisible
Will    .....                   E - ring of poison resistance
Stlth   +++.......              F - ring of wizardry
HPRegen 0.14/turn               (no ring)
MPRegen 0.13/turn               (no ring)
                                (no ring)
                                (no ring)

@: about to teleport, appendages (expiring), slowed, very slow
A: tentacle spike 3, almost no armour, amphibious, 8 rings, camouflage 1,
gelatinous body 1, (nimble swimmer 1), tentacles
a: End Transformation, Renounce Religion


You were in an ossuary.
You worshipped Uskayaw.
Uskayaw was noncommittal.
One of your tentacles had grown a beastly spike.
You visited 1 branch of the dungeon, and saw 4 of its levels.
You also visited: Ossuary.

You collected 146 gold pieces.

Inventory:

Missiles
 t - 15 poisoned darts
Jewellery
 d - a ring of resist corrosion (left tentacle)
 x - a ring of see invisible (right tentacle)
 E - a ring of poison resistance (on tentacle)
 F - a ring of wizardry (on tentacle)
Wands
 g - a wand of digging (6)
 p - a wand of flame (13)
Scrolls
 b - 2 scrolls of teleportation
 c - 2 scrolls of vulnerability
 e - a scroll of enchant weapon
 f - 2 scrolls of poison {unknown}
 l - 2 scrolls of fog {unknown}
 m - a scroll of magic mapping {unknown}
 o - 4 scrolls of blinking {unknown}
 q - a scroll of noise {unknown}
 r - a scroll of fear {unknown}
 u - a scroll of brand weapon {unknown}
 v - a scroll of amnesia {unknown}
 w - a scroll of summoning {unknown}
 y - a scroll of enchant armour {unknown}
 B - a scroll of silence {unknown}
Potions
 a - a potion of lignification
 h - a potion of might
 i - a potion of cancellation
 j - a potion of resistance
 k - a potion of ambrosia {unknown}
 n - a potion of curing
 s - 3 potions of berserk rage {unknown}
 z - a potion of flight {unknown}
 A - 2 potions of degeneration {unknown}
 C - a potion of invisibility


   Skills:
 + Level 1.5 Fighting
 + Level 2.9 Dodging
 + Level 3.5 Stealth
 + Level 4.8 Unarmed Combat
 + Level 3.6 Spellcasting
 + Level 3.4 Transmutations


You had 10 spell levels left.
You knew the following spells:

 Your Spells              Type           Power      Damage    Failure   Level
a - Beastly Appendage     Tmut           26%        N/A       1%          1
b - Wereblood             Tmut           13%        N/A       2%          2

Your spell library contained the following spells:

 Spells                   Type           Power      Damage    Failure   Level
 Spider Form              Tmut/Pois      8%         N/A       11%         3
 Ozocubu's Armour         Ice            2%         N/A       21%         3
 Ice Form                 Ice/Tmut       8%         N/A       32%         4
 Dispersal                Tloc           1%         N/A       100%        6
 Ozocubu's Refrigeration  Ice            1%         4d5       100%        7
 Borgnjor's Revivificati  Necr           1%         N/A       100%        8
 Disjunction              Tloc           1%         N/A       100%        8
 Necromutation            Tmut/Necr      4%         N/A       100%        8
 Death's Door             Necr           1%         N/A       100%        9


Dungeon Overview and Level Annotations

Branches:
Dungeon (4/15)            Ossuary (1/1)
 Temple: D:4-7

Altars:
Gozag
Sif Muna
Trog
Uskayaw
Yredelemnul

Shops:
D:4 :


Innate Abilities, Weirdness & Mutations

One of your tentacles has grown a beastly spike.
You cannot wear most types of armour.
You are amphibious.
You can wear up to eight rings at the same time.
Your skin changes colour to match your surroundings (Stealth+).
Your rubbery body absorbs attacks. (AC +1, EV +1)
((You are camouflaged when in or above water. (Stealth+)))
You have tentacles for arms and can constrict up to eight enemies at once.


Message History

The wraith hits you! The wraith drains your vigour!
You feel yourself slow down.
You closely miss the wraith.
Your tentacle spike misses the wraith.
The wraith is moderately damaged.
The wraith hits you. The wraith drains your vigour!
You feel as though you will be slow longer.
You barely miss the wraith. Your squeeze misses the wraith.
The wraith is moderately damaged.
The wraith barely misses you.
You tentacle-slap the wraith but do no damage.
The wraith is moderately damaged.
The wraith hits you! The wraith drains your vigour!
You feel as though you will be slow longer.
The wraith barely misses you.
You tentacle-slap the wraith.
You pierce the wraith.
Your tentacle-slap misses the wraith.
The wraith is moderately damaged.
The wraith hits you!
* * * LOW HITPOINT WARNING * * *
The wraith drains your vigour!
You feel as though you will be slow longer.
You can now stomp with the beat.
You stomp with the beat, sending a shockwave through the revellers around you!
The wraith is severely damaged.
You can no longer stomp with the beat.
The wraith barely misses you. The wraith hits you.
* * * LOW HITPOINT WARNING * * *
The wraith drains your vigour!
You feel as though you will be slow longer.
You feel better. The wraith hits you.
As you read the scroll of teleportation, it crumbles to dust.
You feel strangely unstable.
Your transformation is almost over.
The wraith hits you!
* * * LOW HITPOINT WARNING * * *
The wraith drains your vigour!
You feel as though you will be slow longer.
The wraith closely misses you. The wraith attacks as you move away!
The wraith hits you!
You die...

#...........................#
#...........................#
#..###..###..###..###..###..#
#..#.#..#.#..#?#..#.#..#.#..#
#..#'#..#'#..#'#..#'#..#'#..#
#..#.#..#.#..#.#..#.#..#.#..#
#...........................#
#...........W...............#
#..####.....@###......####..#
#..#.'...8...#.#...8...'.#..#
#..####......#'#......####..#
#............#.#............#
#...........................#
#..####.####.....####.####..#
#..#.'..#.'...8...'.#..'.#..#
#..####.####.....####.####..#
#...........................#


You could see a wraith.

Vanquished Creatures
  A water moccasin (D:3)
  An ogre (D:4)
  A scorpion (D:4)
  3 mummies (Ossuary)
  Robin (D:4)
  4 gnolls (D:2)
  3 adders
  3 adder zombies (D:3)
  A dart slug (D:1)
  8 ball pythons
  4 endoplasms
  5 giant cockroaches
  10 goblins
  7 hobgoblins
  8 kobolds
  A quokka (D:3)
  A bat (D:3)
  3 frilled lizards
  2 goblin zombies (Ossuary)
  4 hobgoblin zombies (Ossuary)
  3 kobold zombies (Ossuary)
  An orc zombie (Ossuary)
  2 rats
77 creatures vanquished.

Notes
Turn   | Place    | Note
-------+----------+-------------------------------------------
     0 | D:1      | gobodom the Octopode Transmuter began the quest for the
                  | Orb.
     0 | D:1      | Reached XP level 1. HP: 13/13 MP: 3/3
   181 | D:1      | Reached XP level 2. HP: 18/18 MP: 3/5
  1047 | D:2      | Found a faded altar of an unknown god.
  1059 | D:2      | Learned a level 2 spell: Wereblood
  1066 | D:2      | Reached XP level 3. HP: 14/23 MP: 2/6
  1071 | D:2      | Reached skill level 1 in Stealth
  1074 | D:2      | Reached XP level 4. HP: 14/28 MP: 3/7
  1088 | D:2      | Prayed at the altar of an unknown god.
  1088 | D:2      | Became a worshipper of Uskayaw the Reveller
  1088 | D:2      | Reached * piety under Uskayaw
  2561 | D:3      | Found a basalt altar of Yredelemnul.
  2569 | D:3      | Reached ** piety under Uskayaw
  2676 | D:3      | Found an opulent altar of Gozag.
  2782 | D:3      | Found a shimmering blue altar of Sif Muna.
  2857 | D:3      | Noticed a water moccasin
  2872 | D:3      | Killed a water moccasin
  2873 | D:3      | Reached skill level 4 in Unarmed Combat
  2873 | D:3      | Reached XP level 5. HP: 5/33 MP: 0/9
  3120 | D:4      | Noticed Robin
  3128 | D:4      | Reached XP level 6. HP: 33/38 MP: 7/11
  3131 | D:4      | Killed Robin
  3133 | D:4      | Reached *** piety under Uskayaw
  3139 | D:4      | Reached **** piety under Uskayaw
  3145 | D:4      | Found a bloodstained altar of Trog.
  3273 | D:4      | Found Zuleloej's Book Shoppe.
  3467 | D:4      | Found a sand-covered staircase.
  3472 | Ossuary  | Entered an ossuary
  3472 | Ossuary  | Noticed a wraith
  3472 | Ossuary  | Noticed a wraith
  3472 | Ossuary  | Noticed a wraith
  3833 | Ossuary  | Reached XP level 7. HP: 43/43 MP: 12/12
  3863 | Ossuary  | Noticed a wraith
  3888 | Ossuary  | Mangled by a wraith

Illustrated notes

Levels and vault maps discovered:
D:1:      lemuel_arrival_lava_pool, layout_loops_ring, dk_noncrumbling_3,
          nicolae_figureground_pulse
D:2:      layout_loops_corners, chequers_ecumenical_altar_simple
D:3:      layout_rooms, nicolae_yredelemnul_corpse_copse,
          mainiacjoe_overflow_large_starburst
D:4:      layout_loops_ring, trog_three_pillars_becter, enter_ossuary_2,
          serial_shops, nicolae_take_the_stairs, uniq_robin
Ossuary:  ossuary_kennysheep_city_of_the_dead

Skill      XL: |  1  2  3  4  5 |
---------------+----------------+-----
Stealth        | 1 2 3 |  3.5
Unarmed Combat | 4 |  4.8
Spellcasting   | 3 |  3.6
Transmutations | 3 |  3.4
Fighting       | |  1.5
Dodging        | |  2.9

Action                   |  1- 3 |  4- 6 |  7- 9 || total
-------------------------+-------+-------+-------++-------
Melee: Unarmed           |    38 |   115 |     4 ||   157
       Kick              |    13 |    31 |     1 ||    45
       Tentacles         |     8 |    15 |       ||    23
       Constrict         |    12 |    34 |       ||    46
       Punch             |     2 |     4 |       ||     6
 Cast: Beastly Appendage |    14 |    32 |     1 ||    47
       Wereblood         |     1 |     6 |       ||     7
Invok: Stomp             |       |     5 |     2 ||     7
Evoke: Wand              |       |       |     2 ||     2
  Use: Scroll            |     2 |     3 |     2 ||     7
       Potion            |       |     2 |     1 ||     3
 Stab: Sleeping          |     3 |     7 |       ||    10
       Paralysed         |       |     1 |       ||     1
Armor: Skin              |     1 |     7 |       ||     8
Dodge: Dodged            |    15 |    58 |     4 ||    77

Table legend: (Time is in decaauts)
 A = Elapsed time spent in this place.
 B = Non-inter-level travel time spent in this place.
 C = Inter-level travel time spent in this place.
 D = Time resting spent in this place.
 E = Time spent auto-exploring this place.
 F = Levels seen in this place.
 G = Mean time per level.
                   A        B        C        D        E       F      G
               +--------+--------+--------+--------+--------+-----+--------+
         Total |   3876 |   3805 |     71 |    172 |   2953 |   5 |  775.2 |
       Dungeon |   3460 |   3389 |     71 |    172 |   2641 |   4 |  865.0 |
       Ossuary |    415 |    415 |      0 |      0 |    312 |   1 |  415.0 |
               +--------+--------+--------+--------+--------+-----+--------+

Top non-repeatable levels by time:
     D:2: 1181 daAuts
     D:3: 969 daAuts
     D:1: 954 daAuts
 Ossuary: 415 daAuts
     D:4: 354 daAuts
